 Dungeon Crawl Stone Soup version 0.26-a0-40-gfe7b5d5a6f (webtiles) character file.

Game seed: 11015445509834499319, levelgen mode: deterministic

3456 Nixze the Grappler (level 9, -2/136 HPs)
             Began as a Troll Monk on May 30, 2020.
             Was a Believer of Qazlal.
             Slain by a gnoll
             ... wielding a +0 hand axe
              (3 damage)
             ... in a bailey.
             The game lasted 00:15:14 (6381 turns).

Nixze the Grappler (Troll Monk)                     Turns: 6381, Time: 00:15:15

Health: -2/136     AC: 10    Str: 24    XL:     9   Next: 78%
Magic:  8/8        EV: 13    Int:  6    God:    Qazlal [**....]
Gold:   376        SH:  2    Dex: 12    Spells: 8/8 levels left

rFire    . . .     SeeInvis .     - Unarmed
rCold    . . .     Gourm    +   (no shield)
rNeg     + . .     Faith    .   a - +0 robe
rPois    .         Spirit   .   (helmet restricted)
rElec    .         Reflect  .   q - scarf {repulsion}
rCorr    .         Harm     .   (gloves unavailable)
MR       .....                  (boots unavailable)
Stlth    ..........             (no amulet)
HPRegen  0.72/turn              j - ring of positive energy
MPRegen  0.11/turn              d - +4 ring of protection

@: berserking, hasted, repel missiles, very quick
A: large, unfitting armour, claws 3, fast metabolism 3, gourmand, regeneration
1, shaggy fur 1, tough skin 3
a: Upheaval, Renounce Religion


You were in a bailey.
You worshipped Qazlal.
Qazlal was pleased with you.
You were completely stuffed.

You visited 2 branches of the dungeon, and saw 8 of its levels.
You also visited: Sewer and Bailey.

You collected 376 gold pieces.

Inventory:

Missiles
 h - 233 stones
 m - 37 poisoned darts
 p - 4 large rocks (quivered)
 s - 6 javelins
 x - 2 boomerangs
Armour
 a - a +0 robe (worn)
 q - a scarf of repulsion (worn)
 r - a +0 kite shield
Jewellery
 d - a +4 ring of protection (right claw)
 j - a ring of positive energy (left claw)
 y - an uncursed amulet of reflection {unknown}
Wands
 u - a wand of polymorph (5)
 v - a wand of random effects (5)
Scrolls
 c - 4 scrolls of enchant weapon
 g - 6 scrolls of teleportation
 i - 3 scrolls of identify
 l - 2 scrolls of remove curse
 w - a scroll of magic mapping {unknown}
Potions
 f - 3 potions of haste
 n - 2 potions of curing
 o - a potion of mutation {unknown}
 t - a potion of lignification {unknown}
Comestibles
 b - 17 rations


   Skills:
 + Level 6.3 Fighting
 + Level 6.3 Dodging
 - Level 1.0 Stealth
 * Level 10.4 Unarmed Combat


You had 8 spell levels left.
You didn't know any spells.
Your spell library was empty.

Dungeon Overview and Level Annotations

Branches:
Dungeon (7/15)             Temple (1/1) D:7           Sewer (visited)
 Bailey (1/1)

Altars:
Ashenzari
Cheibriados
Dithmenos
Elyvilon
Fedhas
Gozag
Hepliaklqana
Kikubaaqudgha
Makhleb
Nemelex Xobeh
Qazlal
Ru
Sif Muna
Trog
Uskayaw
Vehumet
Wu Jian
Xom
Yredelemnul
Zin
The Shining One


Innate Abilities, Weirdness & Mutations

You are too large for most types of armour.
You have claws for hands.
Your metabolism is lightning-fast.
You like to eat raw meat.
Your natural rate of healing is unusually fast.
You are covered in fur. (AC +1)
You have extremely tough skin. (AC +3)


Message History

A red film seems to cover your vision as you go berserk!
You feel yourself moving faster!
You feel mighty! The gnoll hits you but does no damage.
The kobold demonologist hits you with a +0 war axe.
* * * LOW HITPOINT WARNING * * *
The orc warrior barely misses you.
You claw the kobold demonologist!
The kobold demonologist is almost dead.
The iron imp shouts, "Get thee gone, thou pandering saucy whip-jack!"
The red devil hits you from afar with a +0 trident!
* * * LOW HITPOINT WARNING * * *
You claw the kobold demonologist!
You kill the kobold demonologist!
Qazlal accepts your kill.
The ufetubus disappears in a puff of smoke!
The iron imp disappears in a puff of smoke!
The red devil disappears in a puff of smoke!
The crimson imp disappears in a puff of smoke!
The gnoll hits you with a +0 hand axe.
You die...

+......o._. #.8..og....
#.......g.. #.8.###
#.....#######
#.8...#.....#
#.....#.....#
####.o#§.⌠..#
#..@g§...+ #.○')§...+
#####§''#####
#...........#
######≈≈≈≈...≈≈≈≈######
≈≈≈≈≈≈≈≈≈≈...≈≈≈≈≈≈≈≈≈≈
≈≈≈≈≈≈≈≈≈≈...≈≈≈≈≈≈≈≈≈≈
≈≈≈≈≈≈≈≈≈≈)).≈≈≈≈≈≈≈≈≈≈
≈≈≈≈≈≈≈≈≈≈.).≈≈≈≈≈≈≈≈≈≈


You could see an orc warrior and a gnoll.

Vanquished Creatures
  An orc high priest (Bailey)
  A kobold demonologist (Bailey)
  Menkaure (D:5)
  A water moccasin (D:6)
  5 orc warriors
  Purgy (Sewer)
  An ogre (D:5)
  2 phantoms
  3 centaurs
  2 bullfrogs (D:6)
  A scorpion (D:5)
  A howler monkey (D:4)
  A crimson imp (D:5)
  A bullfrog zombie (D:6)
  A centaur zombie (D:5)
  A quasit (D:5)
  A hound (D:5)
  6 orc priests
  12 orc wizards
  An iguana (D:4)
  4 worker ants
  A hound skeleton (D:5)
  A howler monkey zombie (D:6)
  10 adders
  2 gnolls
  A howler monkey skeleton (D:5)
  2 river rats (D:5)
  2 oozes
  An adder zombie (D:5)
  An adder skeleton (D:6)
  4 worms
  A dart slug (D:1)
  A leopard gecko (D:2)
  29 orcs
  6 bats
  6 giant cockroaches
  12 goblins
  10 hobgoblins
  4 jackals
  16 kobolds
  2 quokkas
  2 ball pythons (D:5)
  A ball python skeleton (D:4)
  A ball python zombie (D:5)
  4 frilled lizards
  2 quokka skeletons
  15 rats
  A plant (D:3)
186 creatures vanquished.

Vanquished Creatures (others)
  A ball python (D:2)
  A giant cockroach (D:2)
2 creatures vanquished.

Grand Total: 188 creatures vanquished

Notes
Turn   | Place    | Note
-------+----------+-------------------------------------------
     0 | D:1      | Nixze the Troll Monk began the quest for the Orb.
     0 | D:1      | Reached XP level 1. HP: 22/22 MP: 0/0
    25 | D:1      | Reached XP level 2. HP: 29/29 MP: 1/1
   512 | D:1      | Reached XP level 3. HP: 36/36 MP: 2/2
  1164 | D:2      | Found a radiant altar of Vehumet.
  1293 | D:2      | Reached skill level 4 in Unarmed Combat
  1471 | D:2      | Reached XP level 4. HP: 40/44 MP: 3/3
  1939 | D:3      | Found a shimmering blue altar of Sif Muna.
  2985 | D:4      | Reached XP level 5. HP: 50/53 MP: 4/4
  3171 | D:4      | Reached skill level 5 in Unarmed Combat
  3439 | D:5      | Entered Level 5 of the Dungeon
  3506 | D:5      | Reached XP level 6. HP: 61/61 MP: 5/5
  3654 | D:5      | Reached skill level 6 in Unarmed Combat
  3702 | D:5      | Found a glowing drain.
  3717 | Sewer    | Entered a sewer
  3746 | Sewer    | Reached XP level 7. HP: 68/68 MP: 6/6
  3790 | Sewer    | Noticed Purgy
  3800 | Sewer    | Killed Purgy
  3926 | D:5      | Noticed Menkaure
  3942 | D:5      | Killed Menkaure
  3942 | D:5      | Reached skill level 7 in Unarmed Combat
  3946 | D:5      | HP: 2/71 [orc priest/divine providence (12)]
  4154 | D:5      | Reached XP level 8. HP: 79/79 MP: 7/7
  4653 | D:5      | Found an opulent altar of Gozag.
  4937 | D:6      | Reached skill level 8 in Unarmed Combat
  4950 | D:6      | Reached skill level 5 in Fighting
  4950 | D:6      | Reached skill level 5 in Dodging
  4954 | D:6      | Got a twisted falchion
  4955 | D:6      | Identified the cursed +2 falchion "Arcanum" {drain, +Inv
                  | rF- rC- Dex+9} (You found it on level 6 of the Dungeon)
  5318 | D:6      | Found a sacrificial altar of Ru.
  5469 | D:6      | Found a sparkling altar of Nemelex Xobeh.
  5670 | D:6      | Reached skill level 9 in Unarmed Combat
  5670 | D:6      | Reached XP level 9. HP: 67/88 MP: 8/8
  6025 | D:7      | Found a staircase to the Ecumenical Temple.
  6058 | Temple   | Entered the Ecumenical Temple
  6102 | Temple   | Became a worshipper of Qazlal Stormbringer
  6102 | Temple   | Reached * piety under Qazlal
  6102 | Temple   | Reached ** piety under Qazlal
  6200 | D:7      | Found a shadowy altar of Dithmenos.
  6240 | D:7      | Found a flagged portal.
  6252 | Bailey   | Entered a bailey
  6343 | Bailey   | Found an iron altar of Okawaru.
  6343 | Bailey   | Noticed a kobold demonologist
  6343 | Bailey   | Noticed an orc high priest
  6362 | Bailey   | Noticed a red devil
  6370 | Bailey   | Killed an orc high priest
  6370 | Bailey   | Reached skill level 10 in Unarmed Combat
  6380 | Bailey   | HP: 1/133 [red devil/+0 trident[a kobold demonologist] (8)]
  6381 | Bailey   | Killed a kobold demonologist
  6381 | Bailey   | Slain by a gnoll

Illustrated notes

Levels and vault maps discovered:
D:1:      minmay_arrival_four_houses, layout_basic
D:2:      layout_rooms, fiery_altar_vehumet, minmay_tetromino_s2
D:3:      wad_woods_pond, layout_basic, lemuel_doored_altar
D:4:      layout_rooms
D:5:      layout_gridville, nicolae_overflow_crystal_walls,
          portal_sewer_entry_e, first_ration, uniq_menkaure
D:6:      layout_loops_corners, nemelex_xobeh_ov_fountains_minmay,
          nicolae_ru_great_annihilating_truth
D:7:      layout_loops_cross, okawaru_trees_2, grunt_dithmenos_smoke,
          minmay_temple_entry_junction, enter_bailey_2, grunt_ogre_cave,
          uniq_joseph
Temple:   nicolae_temple_elliptical
Bailey:   bailey_axe_of_yendor_kennysheep, bailey

Skill      XL: |  1  2  3  4  5  6  7  8  9 |
---------------+----------------------------+-----
Unarmed Combat | 4 5 6 7 9 10 | 10.4
Fighting       | 3 4 5 6 |  6.3
Dodging        | 3 4 5 6 |  6.3
Stealth        | |  1.0

Action                   |  1- 3 |  4- 6 |  7- 9 || total
-------------------------+-------+-------+-------++-------
Melee: Unarmed           |   107 |   194 |   267 ||   568
       Punch             |     2 |     3 |     7 ||    12
Throw: Stone             |    73 |    44 |     1 ||   118
       Dart              |       |     2 |     3 ||     5
       Large rock        |       |       |     2 ||     2
       Javelin           |       |       |     6 ||     6
  Use: Scroll            |       |     9 |     3 ||    12
       Potion            |       |       |     8 ||     8
 Stab: Sleeping          |     2 |     1 |     1 ||     4
       Paralysed         |       |       |     1 ||     1
  Eat: Chunk             |    17 |    23 |    24 ||    64
Armor: Robe              |    38 |    79 |    85 ||   202
Dodge: Dodged            |    35 |    90 |   136 ||   261
       Repelled          |       |     2 |     5 ||     7
Block: Other             |       |       |     5 ||     5

Table legend:
 A = Non-vault XP
 B = Vault XP
 C = Vault XP percentage of total XP
 D = Non-vault monster count
 E = Vault monster count
 F = Vault count percentage of total count
                 A         B        C        D         E       F
            +---------+---------+-------+---------+---------+-------
      Total |    3056 |    1882 |  38.1 |     155 |      30 |  16.2
            +---------+---------+-------+---------+---------+-------
        D:1 |      60 |       0 |   0.0 |      25 |       0 |   0.0
        D:2 |      43 |       4 |   8.5 |      17 |       2 |  10.5
        D:3 |      98 |       1 |   1.0 |      28 |       1 |   3.4
        D:4 |     156 |       0 |   0.0 |      12 |       0 |   0.0
        D:5 |    1112 |     214 |  16.1 |      31 |       9 |  22.5
        D:6 |    1148 |      56 |   4.7 |      31 |       4 |  11.4
        D:7 |     439 |       0 |   0.0 |      11 |       0 |   0.0
      Sewer |       0 |     140 | 100.0 |       0 |       6 | 100.0
     Bailey |       0 |    1467 | 100.0 |       0 |       8 | 100.0
            +---------+---------+-------+---------+---------+-------
